 Dungeon Crawl Stone Soup version 0.31.0-11-ge490571c62 (webtiles) character file.

Game seed: 11547359614656376209

33 qw the Shooter (level 3, -6/20 HPs)
             Began as a Deep Elf Hunter on Feb 3, 2024.
             Mangled by Terence
             ... wielding a +0 flail
              (9 damage)
             ... on level 2 of the Dungeon.
             The game lasted 00:00:03 (983 turns).

qw the Shooter (Deep Elf Hunter)                     Turns: 983, Time: 00:00:03

Health: -6/20      AC:  6    Str: 10    XL:     3   Next: 12%
Magic:  5/5        EV:  9    Int: 13    God:
Gold:   45         SH:  0    Dex: 18    Spells: 2/2 levels left

rFire   . . .        a - +0 shortbow
rCold   . . .        (shield currently unavailable)
rNeg    . . .        h - +0 scale mail
rPois   .            (no helmet)
rElec   .            (no cloak)
rCorr   .            (no gloves)
SInv    .            (no boots)
Will    .....        (no amulet)
Stlth   +            (no ring)
HPRegen 0.23/turn    (no ring)
MPRegen 0.09/turn

%: no passive effects
@: no status effects
A: no striking features
a: no special abilities


You were on level 2 of the Dungeon.
You visited 1 branch of the dungeon, and saw 2 of its levels.

You collected 45 gold pieces.


   Skills:
 - Level 1.5 Fighting
 + Level 6.7 Ranged Weapons
 - Level 2.4 Dodging
 - Level 1.2 Stealth


You had 2 spell levels left.
You didn't know any spells.
Your spell library was empty.

Inventory:

Hand Weapons
 a - a +0 shortbow (weapon)
Armour
 h - a +0 scale mail (worn)
Scrolls
 b - a scroll of enchant weapon {unknown}

Dungeon Overview and Level Annotations

Branches:
Dungeon (2/15)

Altars:
Makhleb

Annotations:
D:2 Terence


Message History

You kill the quokka!
Found a burning altar of Makhleb.
You see here a quokka corpse.
A kobold comes into view. It is wielding a +0 short sword.
The kobold shouts!
You shoot an arrow. The arrow closely misses the kobold.
You shoot an arrow. The arrow hits the kobold.
The kobold is moderately wounded.
You shoot an arrow. The arrow closely misses the kobold.
The kobold hits you but does no damage. The kobold closely misses you.
You shoot an arrow. The arrow hits the kobold!
You kill the kobold!
Things that are here:
a +0 short sword; a kobold corpse
Found a stone staircase leading up.
Enter note:
Found a stone staircase leading down.
There is a stone staircase leading down here.
Terence the Incautious comes into view.
He is wielding a +0 flail and wearing a +2 chain mail of poison resistance.
Terence shouts!
You shoot an arrow.
The arrow hits Terence but does no damage.
You shoot an arrow.
The arrow hits Terence but does no damage.
Terence hits you with a +0 flail. x2
You shoot an arrow. The arrow hits Terence.
Terence is lightly wounded.
Terence hits you with a +0 flail.
You shoot an arrow.
The arrow hits Terence but does no damage.
Terence is lightly wounded.
Terence hits you with a +0 flail. Terence hits you with a +0 flail!
You shoot an arrow. The arrow hits Terence.
Terence is moderately wounded.
Terence completely misses you.
You shoot an arrow. The arrow hits Terence.
Terence is heavily wounded.
Terence hits you with a +0 flail!
You die...
Terence says, "Time to find some more victims."

#.# #.# #.# #.#
#.# #.# ## #.# #.#
.. #.# #.# #. #.#
#.# #. #.# #.#
######@##.# #.#
#?.....@..# #.#
#.####.#..######.#
.. ...........>.#
...#.
.....#.######..#
..... #######.#
#..# ..... ...#.#
#..# .....
####.#.# #..#
.....
#...<..######..#
.....
#..............#


You could see Terence.

Vanquished Creatures
  A bat (D:1)
  An endoplasm (D:1)
  A giant cockroach (D:1)
  2 goblins (D:1)
  3 hobgoblins (D:1)
  2 jackals (D:1)
  5 quokkas
  4 ball pythons (D:1)
  3 frilled lizards (D:1)
  5 kobolds
  3 rats
30 creatures vanquished.

Notes
Turn   | Place    | Note
-------+----------+-------------------------------------------
     0 | D:1      | qw the Deep Elf Hunter began the quest for the Orb.
     0 | D:1      | Reached XP level 1. HP: 12/12 MP: 3/3
     0 | D:1      | 0 ||| qw: Version: 0.3-a-157-g843a77d
     0 | D:1      | 0 ||| qw: Game counter: 3965
     0 | D:1      | 0 ||| qw: Melee chars always use a shield: true
     0 | D:1      | 0 ||| qw: God list: Okawaru
     0 | D:1      | 0 ||| qw: Allow faded altars: false
     0 | D:1      | 0 ||| qw: Do Orc after clearing Dungeon:15 true
     0 | D:1      | 0 ||| qw: Do second Lair branch before Depths: true
     0 | D:1      | 0 ||| qw: Lair rune preference: random
     0 | D:1      | 0 ||| qw: Goals: Normal
     0 | D:1      | 0 ||| PLANNING D:1-11
   220 | D:1      | Reached XP level 2. HP: 16/16 MP: 4/4
   226 | D:1      | Reached skill level 6 in Ranged Weapons
   421 | D:1      | Found a faded altar of an unknown god.
   710 | D:1      | 710 ||| UPGRADING to +0 scale mail.
   720 | D:1      | 720 ||| DROPPING +0 leather armour.
   721 | D:1      | 721 ||| DROPPING ring of flight.
   722 | D:1      | 722 ||| READING scroll labelled ONGECKO REONN.
   723 | D:1      | 723 ||| READING scroll labelled ITOTUHA UNIS.
   723 | D:1      | 723 ||| IDENTIFYING bubbling orange potion
   724 | D:1      | 724 ||| READING scroll labelled UHIYCO QIEFEC.
   755 | D:1      | 755 ||| DROPPING scroll of butterflies.
   756 | D:1      | 756 ||| DROPPING potion of degeneration.
   771 | D:2      | Reached XP level 3. HP: 20/20 MP: 5/5
   909 | D:2      | Found a burning altar of Makhleb.
   977 | D:2      | Noticed Terence
   981 | D:2      | HP: 2/20 [Terence/+0 flail (7)]
   983 | D:2      | Mangled by Terence

Levels and vault maps discovered:
D:1:      matt_arrival_los_fun, layout_basic, nicolae_ecumenical_snake_handling
D:2:      layout_basic, basic_altar, uniq_terence

Skill      XL: |  1  2 |
---------------+-------+-----
Ranged Weapons | 6 |  6.7
Fighting       | |  1.5
Dodging        | |  2.4
Stealth        | |  1.2

Action                     || total
---------------------------++-------
   Fire: Shortbow          ||    85
    Use: Scroll            ||     3
 Armour: Leather armour    ||     9
         Scale mail        ||     9
  Dodge: Dodged            ||    22

Table legend:
 A = Non-vault XP
 B = Vault XP
 C = Vault XP percentage of total XP
 D = Non-vault monster count
 E = Vault monster count
 F = Vault count percentage of total count
                 A         B        C        D         E       F
            +---------+---------+-------+---------+---------+-------
      Total |      44 |       4 |   8.3 |      27 |       3 |  10.0
            +---------+---------+-------+---------+---------+-------
        D:1 |      34 |       4 |  10.5 |      21 |       3 |  12.5
        D:2 |      10 |       0 |   0.0 |       6 |       0 |   0.0
            +---------+---------+-------+---------+---------+-------
